 Dungeon Crawl Stone Soup version 0.31.0-11-ge490571c62 (webtiles) character file.

Game seed: 3864600147388307440

1148 ezpacito the Chopper (level 8, 0/61 HPs)
             Began as a Demonspawn Berserker on Feb 8, 2024.
             Was a Believer of Trog.
             Succumbed to a goblin's poison
             ... on level 4 of the Dungeon.
             The game lasted 00:06:49 (3907 turns).

ezpacito the Chopper (Demonspawn Berserker)         Turns: 3907, Time: 00:06:50

Health: 0/61       AC: 12    Str: 18    XL:     8   Next: 15%
Magic:  8/8        EV: 12    Int:  8    God:    Trog [**....]
Gold:   186        SH:  0    Dex: 20    Spells: 7/7 levels left

rFire   + . .        o - +5 battleaxe
rCold   . . .        (shield currently unavailable)
rNeg    . . .        d - +4 ring mail {rF+}
rPois   .            (helmet restricted)
rElec   .            r - +0 cloak
rCorr   .            u - +0 pair of gloves
SInv    .            (no boots)
Will    .....        (no amulet)
Stlth   ++           v - +6 ring of dexterity
HPRegen 0.30/turn    (no ring)
MPRegen 0.11/turn

%: no passive effects
@: lethally poisoned (0 -> -4)
A: horns 2, ignite blood 2
a: Renounce Religion, Berserk, Trog's Hand


You were on level 4 of the Dungeon.
You worshipped Trog.
Trog was pleased with you.
You visited 1 branch of the dungeon, and saw 6 of its levels.

You collected 186 gold pieces.

Inventory:

Hand Weapons
 c - a +4 dagger
 o - a +5 battleaxe (weapon)
Missiles
 e - 4 boomerangs
 m - 51 stones (quivered)
 p - 4 poisoned darts
Armour
 d - a +4 ring mail of fire resistance (worn)
 l - a +0 plate armour
 r - a +0 cloak (worn)
 u - a +0 pair of gloves (worn)
Jewellery
 v - a +6 ring of dexterity (left hand)
Talismans
 n - a flux talisman
Wands
 w - a wand of roots (11)
Scrolls
 b - 2 scrolls of immolation
 h - a scroll of poison
 j - a scroll of fog
 t - 2 scrolls of fear
 y - a scroll of teleportation
Potions
 a - 2 potions of invisibility
 f - a potion of enlightenment {unknown}
 g - 2 potions of ambrosia {unknown}
 i - a potion of brilliance {unknown}
 k - a potion of haste {unknown}
 q - 5 potions of might {unknown}
 s - a potion of degeneration {unknown}
 x - a potion of curing {unknown}
 z - a potion of resistance {unknown}


   Skills:
 * Level 4.9 Fighting
 * Level 5.9 Axes
 * Level 4.0 Armour
 * Level 3.1 Dodging
 * Level 2.7 Stealth
 * Level 2.5 Unarmed Combat


You had 7 spell levels left.
You didn't know any spells.
Your spell library contained the following spells:

 Spells                   Type           Power      Damage    Failure   Level
 Magic Dart               Conj           0%         1d3       58%         1
 Blink                    Tloc           0%         N/A       75%         2
 Call Imp                 Summ           0%         N/A       75%         2


Dungeon Overview and Level Annotations

Branches:
Dungeon (6/15)
 Temple: D:4-7

Altars:

Annotations:
D:4 Robin


Innate Abilities, Weirdness & Mutations

You have a pair of horns on your head.
Your demonic aura often causes spilled blood to erupt in flames.


Message History

You feel sick. The hobgoblin completely misses you.
The goblin hits you but does no damage.
You are more poisoned.
The goblin hits you but does no damage.
Unknown command.
Your unstable footing causes you to fumble your attack.
You feel very sick. The hobgoblin hits you.
* * * LOW HITPOINT WARNING * * *
The ribbon worm bites you.
* * * LOW HITPOINT WARNING * * *
The goblin splashes around in the water.
The goblin misses you.
Robin says, "Bow before me, strongest of all the hobgoblins!"
Robin throws the goblin at you! The hobgoblin completely misses you.
The goblin unwields a +0 sling.
The goblin wields a +0 dagger.
The goblin hits you but does no damage. The ribbon worm barely misses you.
There is a lethal amount of poison in your body!
You barely miss Robin. You headbutt Robin.
Robin is moderately wounded.
You hit the goblin.
You kill the goblin!
Trog accepts your kill.
You hit the goblin.
You kill the goblin!
Trog accepts your kill.
You slash the ribbon worm! You hit the goblin. You barely miss the hobgoblin.
You slash the goblin!
You kill the goblin!
Trog accepts your kill.
You hear a splash.
* * * LOW HITPOINT WARNING * * *
You feel very sick. Robin throws the goblin at you!
The goblin shoots a sling bullet.
The sling bullet barely misses you.
The sling bullet barely misses the hobgoblin.
The hobgoblin closely misses you.
The ribbon worm splashes around in the water.
The goblin barely misses you. Robin misses you.
You die...

#.....~##
##?...~~##
###...#~~###
......#)~#
###...#~~#
.g...##†~#
..####.~~##


..~gggwgg)# .~~~~~g~@~# ~~#####gg~# # ##### You could see a ribbon worm, Robin,
3 hobgoblins and 4 goblins.

Vanquished Creatures
  Grinder (D:3)
  Duvessa (D:5)
  A black bear (D:5)
  A phantom (D:5)
  2 scorpions
  4 wights (D:5)
  Dowan (D:5)
  2 hounds (D:5)
  A bombardier beetle (D:6)
  A jelly (D:4)
  Crazy Yiuf (D:2)
  2 orc wizards
  6 adders
  4 ribbon worms
  13 orcs
  3 endoplasms
  4 giant cockroaches
  7 goblins
  5 hobgoblins
  3 quokkas
  4 ball pythons
  3 bats (D:1)
  2 frilled lizards (D:1)
  5 kobolds
  6 rats (D:1)
83 creatures vanquished.

Vanquished Creatures (others)
  A ribbon worm (D:4)
1 creature vanquished.

Grand Total: 84 creatures vanquished

Notes
Turn   | Place    | Note
-------+----------+-------------------------------------------
     0 | D:1      | ezpacito the Demonspawn Berserker began the quest for the
                  | Orb.
     0 | D:1      | Reached XP level 1. HP: 18/18 MP: 1/1
   204 | D:1      | Gained mutation: Your demonic aura sometimes causes spilled
                  | blood to erupt in flames. [demonic ancestry]
   204 | D:1      | Reached XP level 2. HP: 24/24 MP: 2/2
   738 | D:1      | Reached skill level 3 in Axes
  2130 | D:2      | Found a runed translucent door.
  2131 | D:2      | Noticed Crazy Yiuf
  2140 | D:2      | Killed Crazy Yiuf
  2141 | D:2      | Gained mutation: You have a pair of small horns on your
                  | head. [demonic ancestry]
  2141 | D:2      | Reached XP level 3. HP: 17/29 MP: 3/3
  2316 | D:3      | Noticed Grinder
  2321 | D:3      | Paralysed by Grinder for 2 turns
  2326 | D:3      | Killed Grinder
  2327 | D:3      | Reached skill level 4 in Axes
  2327 | D:3      | Reached skill level 1 in Stealth
  2327 | D:3      | Reached skill level 1 in Unarmed Combat
  2327 | D:3      | Reached XP level 4. HP: 37/37 MP: 4/4
  2327 | D:3      | Gained mutation: Your demonic aura often causes spilled
                  | blood to erupt in flames. [demonic ancestry]
  2327 | D:3      | Reached XP level 5. HP: 42/42 MP: 5/5
  2479 | D:3      | You fall into a shaft and drop 3 floors!
  2492 | D:6      | Reached XP level 6. HP: 48/48 MP: 6/6
  2499 | D:5      | Entered Level 5 of the Dungeon
  2679 | D:5      | Noticed Duvessa
  2679 | D:5      | Noticed Dowan
  2686 | D:5      | Killed Duvessa
  2687 | D:5      | Reached XP level 7. HP: 55/55 MP: 7/7
  2687 | D:5      | Killed Dowan
  2744 | D:5      | Reached skill level 5 in Axes
  2938 | D:5      | Reached ** piety under Trog
  3232 | D:4      | Gained mutation: You have a pair of horns on your head.
                  | [demonic ancestry]
  3232 | D:4      | Reached XP level 8. HP: 51/61 MP: 8/8
  3883 | D:4      | Noticed Robin
  3906 | D:4      | HP: 2/61 [poisoned by a goblin]
  3907 | D:4      | Succumbed to a goblin's poison

Illustrated notes

Levels and vault maps discovered:
D:1:      dpeg_arrival_water_fire, layout_basic, minmay_3d_cube
D:2:      layout_basic, serial_rivers, chequers_serial_rivers_large_a,
          chequers_serial_rivers_micro_d, chequers_serial_rivers_marsh,
          chequers_serial_rivers_micro_a, glass_columns_a,
          uniq_crazy_yiuf_cottage
D:3:      layout_loops_cross, uniq_natasha, uniq_grinder
D:4:      layout_loops_ring, cheibrodos_sewer_entry_bend, uniq_robin
D:5:      layout_cave_pools, minmay_temple_entry_antechambers, uniq_duvessa
D:6:      layout_loops_ring, marbit_many_paths, lemuel_flamethrower_2,
          uniq_maggie

Skill      XL: |  1  2  3  4  5  6  7 |
---------------+----------------------+-----
Axes           | 3 4 5 |  5.9
Armour         | 2 3 4 |  4.0
Dodging        | 2 3 |  3.1
Fighting       | 4 |  4.9
Stealth        | 1 2 |  2.7
Unarmed Combat | 1 2 |  2.5

Action                     |  1- 3 |  4- 6 |  7- 9 || total
---------------------------+-------+-------+-------++-------
  Melee: Hand axe          |    78 |    19 |       ||    97
         Headbutt          |     2 |     4 |    12 ||    18
         Punch             |       |     2 |       ||     2
         Battleaxe         |       |     4 |    75 ||    79
 Invoke: Berserk           |     2 |     2 |       ||     4
    Use: Scroll            |     7 |     1 |     4 ||    12
   Stab: Sleeping          |       |     2 |     1 ||     3
 Armour: Animal skin       |    17 |       |       ||    17
         Scale mail        |    17 |       |       ||    17
         Plate armour      |     5 |       |       ||     5
         Ring mail         |     3 |    11 |    70 ||    84
  Dodge: Dodged            |    38 |    15 |    69 ||   122
